 Dungeon Crawl Stone Soup version 0.28.0-49-g6dfe1f597d (webtiles) character file.

Game seed: 2357145179214196770

5467 Exodus22XD the Cleaver (level 10, -4/86 HPs)
             Began as a Minotaur Fighter on May 14, 2022.
             Was an Elder of Zin.
             Slain by a basilisk (5 damage)
             ... on level 9 of the Dungeon.
             The game lasted 00:14:03 (11164 turns).

Exodus22XD the Cleaver (Minotaur Fighter)          Turns: 11164, Time: 00:14:03

Health: -4/86      AC: 14    Str: 26    XL:     10   Next: 41%
Magic:  11/13      EV:  4    Int: 12    God:    Zin [****..]
Gold:   81         SH:  5    Dex: 11    Spells: 9/9 levels left

rFire   . . .      SeeInvis .   G - +5 flail (freeze)
rCold   . . .      Faith    .   c - +0 buckler
rNeg    . . .      Spirit   .   y - +0 chain mail
rPois   ∞          Reflect  .   (helmet restricted)
rElec   .          Harm     .   (no cloak)
rCorr   .          Rampage  .   k - +0 pair of gloves
Will    .....                   w - +0 pair of boots
Stlth   ..........              t - amulet of the acrobat
HPRegen 0.24/turn               h - +6 ring of intelligence
MPRegen 0.13/turn               (no ring)

@: vitalised, petrifying (expiring), very slow
A: horns 2, retaliatory headbutt
a: Renounce Religion, Recite, Vitalisation, Imprison, Donate Gold


You were on level 9 of the Dungeon.
You worshipped Zin.
Zin was greatly pleased with you.
You visited 1 branch of the dungeon, and saw 9 of its levels.
You also visited: Ossuary.

You collected 407 gold pieces.
You spent 286 gold pieces at shops.
You donated 40 gold pieces to Zin.

Inventory:

Hand Weapons
 a - a +0 war axe
 E - a +2 broad axe of electrocution
 G - a +5 flail of freezing (weapon)
Missiles
 m - a throwing net (quivered)
 p - 11 javelins
Armour
 c - a +0 buckler (worn)
 k - a +0 pair of gloves (worn)
 w - a +0 pair of boots (worn)
 y - a +0 chain mail (worn)
Jewellery
 d - a ring of wizardry
 h - a +6 ring of intelligence (left hand)
 r - a ring of ice
 t - an amulet of the acrobat (around neck)
 C - a ring of wizardry
Wands
 x - a wand of acid (10)
 B - a wand of digging (6)
Scrolls
 b - a scroll of summoning {unknown}
 f - 5 scrolls of fear
 g - a scroll of holy word
 l - 11 scrolls of teleportation
 s - 2 scrolls of enchant armour
 u - a scroll of silence {unknown}
 v - a scroll of magic mapping
 D - 2 scrolls of blinking {unknown}
 F - 3 scrolls of identify
Potions
 e - a potion of resistance
 i - 2 potions of cancellation
 j - 6 potions of curing
 n - 3 potions of heal wounds
 o - a potion of berserk rage
 q - 3 potions of lignification
 z - 3 potions of haste
 A - 3 potions of flight {unknown}
 H - a potion of brilliance {unknown}


   Skills:
 + Level 7.4 Fighting
 + Level 10.8 Axes
 + Level 0.1(6.7) Maces & Flails
 * Level 5.5 Throwing
 + Level 9.5 Armour
 + Level 6.2 Shields
 * Level 5.5 Invocations


You had 9 spell levels left.
You didn't know any spells.
Your spell library was empty.

Dungeon Overview and Level Annotations

Branches:
Dungeon (9/15)             Temple (0/1) D:6         Ossuary (visited)
   Lair: D:8-11         Orc: D:9-12

Altars:
Ashenzari
Dithmenos
Kikubaaqudgha
Makhleb
Nemelex Xobeh
Okawaru
Zin
Beogh

Shops:
D:2 (


Innate Abilities, Weirdness & Mutations

You have a pair of horns on your head.
You reflexively headbutt those who attack you in melee.


Message History

You block the basilisk's attack.
The gnoll sergeant hits you but does no damage.
There is an open door, spattered with blood here.
Items here: ! ( )).
You closely miss the basilisk.
The basilisk is heavily wounded.
You block the gnoll sergeant's attack.
The basilisk bites you but does no damage.
The basilisk completely misses you. The gnoll sergeant closely misses you.
You closely miss the basilisk. You block the basilisk's attack.
The basilisk gazes at you.
You are slowing down.
You block the gnoll sergeant's attack. The basilisk bites you.
* * * LOW HITPOINT WARNING * * *
The gnoll sergeant barely misses you. You furiously retaliate!
You headbutt the gnoll sergeant.
The basilisk bites you but does no damage.
Okay, then.
Zin grants you divine stamina. The basilisk gazes at you.
Your divine stamina protects you from petrification!
The gnoll sergeant completely misses you.
The basilisk gazes at you.
Your divine stamina protects you from petrification!
Your limbs are stiffening.
You sock the gnoll sergeant! You freeze the gnoll sergeant.
Your headbutt misses the gnoll sergeant.
The gnoll sergeant is almost dead.
The basilisk bites you but does no damage.
The basilisk bites you.
* * * LOW HITPOINT WARNING * * *
The gnoll sergeant hits you with a +5 spear of freezing!
* * * LOW HITPOINT WARNING * * *
The gnoll sergeant freezes you.
* * * LOW HITPOINT WARNING * * *
The basilisk bites you!
* * * LOW HITPOINT WARNING * * *
The gnoll sergeant hits you but does no damage.
The basilisk bites you!
You die...

#........##.....# #.
##........##.....#######.
#.........##.............
#.........##........#####
#.....#.####........#
#.....#+## ###......#
#........#####......#
##......l))..+......+ .
#####..@#####......# .
#.lg# #......#
###########'## ########
#...........#
#.#..g####### #.#...#
###.#..l# #......g#
#.#÷##g########


You could see 2 basilisks and a gnoll sergeant.

Vanquished Creatures
  Joseph (D:8)
  2 wyverns
  10 yaks
  A steam dragon (D:8)
  3 water moccasins (D:9)
  A sky beast (D:6)
  Pargi (D:3)
  3 orc warriors
  A black bear (D:6)
  A centaur (D:7)
  An elf zombie (Ossuary)
  A bullfrog (D:6)
  A gnoll sergeant (D:9)
  A wyvern zombie (D:8)
  5 scorpions
  3 killer bees (D:7)
  3 wights (D:8)
  2 human zombies (Ossuary)
  A bullfrog zombie (D:6)
  3 centaur zombies (Ossuary)
  2 jellies (D:4)
  A centaur skeleton (D:5)
  2 hounds
  7 orc priests
  6 iguanas
  13 orc wizards
  A hound zombie (D:5)
  A howler monkey zombie (D:9)
  A hound skeleton (D:5)
  2 mummies (Ossuary)
  13 gnolls
  A howler monkey skeleton (D:5)
  11 adders
  2 ufetubi (D:6)
  2 adder skeletons (D:4)
  An adder zombie (Ossuary)
  4 dart slugs
  2 worms
  35 orcs
  11 ball pythons
  15 bats
  5 endoplasms
  3 giant cockroaches
  6 goblins
  3 hobgoblins
  6 quokkas
  4 frilled lizards (D:2)
  13 hobgoblin zombies (Ossuary)
  2 jackal zombies (Ossuary)
  6 kobolds
  8 kobold zombies (Ossuary)
  4 orc zombies (Ossuary)
  7 rats
  2 rat zombies (Ossuary)
247 creatures vanquished.

Vanquished Creatures (others)
  A wyvern (D:8)
  9 fungi
  19 plants (D:9)
29 creatures vanquished.

Grand Total: 276 creatures vanquished

Notes
Turn   | Place    | Note
-------+----------+-------------------------------------------
     0 | D:1      | Exodus22XD the Minotaur Fighter began the quest for the
                  | Orb.
     0 | D:1      | Reached XP level 1. HP: 19/19 MP: 0/0
   293 | D:1      | Found a faded altar of an unknown god.
   314 | D:1      | Reached XP level 2. HP: 27/27 MP: 1/1
   329 | D:1      | Prayed at the altar of an unknown god.
   329 | D:1      | Became a worshipper of Zin the Law-Giver
   329 | D:1      | Reached * piety under Zin
  1020 | D:1      | Reached XP level 3. HP: 32/33 MP: 2/2
  1133 | D:2      | Found an ancient bone altar of Kikubaaqudgha.
  1203 | D:2      | Reached skill level 3 in Axes
  1477 | D:2      | Reached XP level 4. HP: 11/40 MP: 3/3
  2082 | D:2      | Found Luoxo's Weapon Shoppe.
  2391 | D:3      | Reached skill level 4 in Axes
  2426 | D:3      | Noticed Pargi
  2433 | D:3      | Killed Pargi
  2434 | D:3      | Reached skill level 5 in Armour
  2434 | D:3      | Reached XP level 5. HP: 42/47 MP: 4/4
  2966 | D:3      | Reached ** piety under Zin
  3043 | D:4      | Reached skill level 5 in Axes
  3043 | D:4      | Reached XP level 6. HP: 5/53 MP: 5/5
  3691 | D:4      | Reached skill level 1 in Throwing
  3716 | D:4      | Reached skill level 1 in Invocations
  3857 | D:4      | Reached skill level 5 in Fighting
  3887 | D:4      | Reached XP level 7. HP: 56/61 MP: 6/6
  3971 | D:4      | Reached *** piety under Zin
  4028 | D:5      | Entered Level 5 of the Dungeon
  4054 | D:5      | You fall into a shaft and drop 1 floor!
  4121 | D:6      | Reached skill level 6 in Axes
  4121 | D:6      | Reached skill level 5 in Shields
  4195 | D:5      | Found a sand-covered staircase.
  4211 | Ossuary  | Entered an ossuary
  4352 | Ossuary  | Reached **** piety under Zin
  4494 | Ossuary  | Reached XP level 8. HP: 68/69 MP: 8/8
  4505 | Ossuary  | Reached skill level 7 in Axes
  5737 | D:6      | Found a staircase to the Ecumenical Temple.
  5748 | D:6      | Reached skill level 8 in Axes
  6839 | D:7      | Reached ***** piety under Zin
  7042 | D:7      | Reached XP level 9. HP: 44/75 MP: 8/10
  7205 | D:7      | Reached skill level 9 in Axes
  7261 | D:7      | Found an iron altar of Okawaru.
  7265 | D:7      | Found a shadowy altar of Dithmenos.
  7280 | D:7      | Found a sparkling altar of Nemelex Xobeh.
  7282 | D:7      | Found a broken altar of Ashenzari.
  7285 | D:7      | Found a burning altar of Makhleb.
  7504 | D:2      | Bought a +2 broad axe of electrocution for 286 gold pieces
  7647 | D:8      | Noticed Joseph
  8102 | D:8      | Killed Joseph
  9122 | D:8      | HP: 1/78 [orc priest/+0 mace of holy wrath (6)]
  9123 | D:8      | Zin protects you from harm!
  9142 | D:8      | Reached skill level 10 in Axes
  9145 | D:8      | Reached skill level 5 in Throwing
  9145 | D:8      | HP: 3/78 [yak (9)]
  9149 | D:8      | Reached skill level 5 in Invocations
  9614 | D:8      | Reached XP level 10. HP: 38/84 MP: 12/12
 11164 | D:9      | HP: 1/86 [basilisk (4)]
 11164 | D:9      | Slain by a basilisk

Illustrated notes

Levels and vault maps discovered:
D:1:      dpeg_arrival_subterranean_lakeside_camping, layout_loops_ring,
          dreamdust_ecumenical_altar_hidden_monk_grotto, minmay_pentomino_u2
D:2:      layout_basic, basic_altar, serial_shops,
          nicolae_shop_bloodbath_and_beyond, minmay_tripent
D:3:      layout_basic, minivault_25, minmay_distorted, uniq_pargi
D:4:      layout_loops_ring
D:5:      old_forge, layout_basic, enter_ossuary_1
D:6:      layout_gridville, minmay_temple_entry_junction
D:7:      layout_cave_pools, minitemple
D:8:      layout_cave_pods, david_defended_altar_orc, uniq_joseph
D:9:      corexii_shack_village, layout_basic, minmay_lair_entry_grove,
          serial_shops, shop, kennysheep_mini_moat

Skill      XL: |  1  2  3  4  5  6  7  8  9 10 |
---------------+-------------------------------+-----
Armour         | 4 5 6 7 9 |  9.5
Shields        | 4 5 6 |  6.2
Fighting       | 4 5 6 7 |  7.4
Axes           | 3 4 5 6 8 10 | 10.8
Throwing       | 1 2 3 5 |  5.5
Invocations    | 1 2 3 5 |  5.5
Maces & Flails | |  0.1

Action                   |  1- 3 |  4- 6 |  7- 9 | 10-12 || total
-------------------------+-------+-------+-------+-------++-------
Melee: War axe           |    79 |   135 |   365 |    87 ||   666
       Headbutt          |     6 |    13 |    61 |    26 ||   106
       Broad axe         |       |       |     6 |       ||     6
       Flail             |       |       |       |    29 ||    29
Invok: Vitalisation      |       |       |     1 |     1 ||     2
  Use: Scroll            |       |     6 |     4 |       ||    10
       Potion            |       |       |     4 |     2 ||     6
Armor: Scale mail        |    44 |    76 |    92 |       ||   212
       Chain mail        |       |       |   101 |    60 ||   161
Dodge: Dodged            |    44 |    58 |   174 |    45 ||   321
Block: Buckler           |    21 |    35 |    88 |    37 ||   181
